 Dungeon Crawl Stone Soup version 0.21.1-1-g345015f (webtiles) character file.

206270 Mesmaeker13 the Peltast (level 18, 0/103 HPs)
             Began as a Gargoyle Ice Elementalist on Apr 19, 2018.
             Was a High Priest of Sif Muna.
             Engulfed by a cloud of freezing vapour (5 damage)
             ... on level 3 of the Shoals on Apr 22, 2018.
             The game lasted 02:53:55 (64161 turns).

Mesmaeker13 the Peltast (GrIE)                     Turns: 64161, Time: 02:53:56

Health: 0/103      AC: 24    Str: 13    XL:     18   Next: 71%
Magic:  24/39      EV: 16    Int: 23    God:    Sif Muna [*****.]
Gold:   2277       SH: 13    Dex: 10    Spells: 6/33 levels left

rFire    + . .     SeeInvis .   y - +4 spear "Nycifuakk" {flame, rPois rC+}
rCold    + + .     Gourm    .   e - +0 shield {reflect}
rNeg     + . .     Faith    .   i - +0 leather armour of Rotation {rF+}
rPois    ∞         Spirit   .   j - +2 helmet
rElec    +         Reflect  +   o - +0 cloak
rCorr    .         Harm     .   h - +1 pair of gloves
MR       +....                  (no boots)
Stlth    ++........             (no amulet)
HPRegen  0.27/turn              J - ring of protection from cold
MPRegen  0.26/turn              a - ring of magical power

@: flying, mesmerised
A: big wings, negative energy resistance 1, electricity resistance, unbreathing,
petrification resistance, rot immunity, AC +13
}: 1/15 runes: serpentine
a: Stop Flying, Divine Energy, Channel Magic, Forget Spell, Renounce Religion


You were on level 3 of the Shoals.
You worshipped Sif Muna.
Sif Muna was extremely pleased with you.
You were not hungry.

You visited 5 branches of the dungeon, and saw 30 of its levels.

You collected 3083 gold pieces.
You spent 806 gold pieces at shops.

Inventory:

Hand Weapons
 r - a +0 demon trident
 y - the +4 spear "Nycifuakk" (weapon) {flame, rPois rC+}
   (You found it on level 3 of the Lair of Beasts)

   It has been specially enchanted to burn those struck by it, causing extra
   injury to most foes and up to half again as much damage against particularly
   susceptible opponents.
   It protects you from cold.
   It protects you from poison.
Missiles
 g - 2 javelins of returning
 n - 2 throwing nets (quivered)
Armour
 e - a +0 shield of reflection (worn)
 h - a +1 pair of gloves (worn)
 i - the +0 leather armour of Rotation (worn) {rF+}
   (You bought it in a shop on level 2 of the Orcish Mines)

   It protects you from fire.
 j - a +2 helmet (worn)
 o - a +0 cloak (worn)
 E - the +0 shield of Vehumet's Vengeance {rC+ Int+3 Stlth+}
   (You took it off an orc wizard on level 9 of the Dungeon)

   It affects your intelligence (+3).
   It protects you from cold.
   It makes you more stealthy.
Jewellery
 a - a ring of magical power (right hand)
 w - an uncursed ring of protection from fire
 J - a ring of protection from cold (left hand)
Wands
 k - a wand of acid (7)
 L - a wand of digging (8)
Scrolls
 b - 2 scrolls of identify
 m - 3 scrolls of teleportation
 p - a scroll of vulnerability
 s - a scroll of holy word
 t - a scroll of blinking
 z - a scroll of silence
 A - 2 scrolls of remove curse
 B - 4 scrolls of magic mapping
 H - 3 scrolls of fog
Potions
 d - a potion of heal wounds
 f - a potion of resistance
 l - 2 potions of brilliance
 q - 2 potions of haste
 v - 4 potions of might
 x - a potion of agility
Books
 u - Sif Muna's Compendium of Nocuous Cold
   (Sif Muna gifted it to you on level 2 of the Shoals)

   Spells                             Type                      Level
   a - Poisonous Vapours              Poison/Air                   2
   b - Venom Bolt                     Conjuration/Poison           5
   c - Glaciate                       Conjuration/Ice              9
 C - a book of Party Tricks

   Spells                             Type                      Level
   a - Summon Butterflies             Summoning                    1
   b - Apportation                    Translocation                1
   c - Lesser Beckoning               Translocation                3
   d - Tukima's Dance                 Hexes                        3
   e - Alistair's Intoxication        Transmutation/Poison         5
   f - Invisibility                   Hexes                        6
Miscellaneous
 D - a lamp of fire
 K - a box of beasts
 M - a phial of floods
Comestibles
 c - 18 rations


   Skills:
 - Level 8.0 Fighting
 - Level 8.0 Armour
 + Level 10.0 Dodging
 - Level 2.1 Stealth
 - Level 15.0 Shields
 - Level 8.3 Spellcasting
 - Level 12.0 Conjurations
 - Level 7.3 Summonings
 - Level 4.0 Necromancy
 - Level 15.0 Ice Magic
 - Level 10.0 Air Magic
 + Level 6.5 Earth Magic
 - Level 7.0 Invocations


You had 6 spell levels left.
You knew the following spells:

 Your Spells              Type           Power        Failure   Level  Hunger
a - Iron Shot             Conj/Erth      ######....   28%         6    ######.
b - Freezing Cloud        Conj/Ice/Air   ######....   8%          6    ######.
c - Summon Ice Beast      Ice/Summ       ######..     1%          4    ##.....
d - Throw Icicle          Conj/Ice       ######..     1%          4    ##.....
e - Summon Lightning Spi  Summ/Air       #####...     2%          4    ##.....
g - Regeneration          Chrm/Necr      ###.......   11%         3    None


Dungeon Overview and Level Annotations

Branches:
Dungeon (15/15)            Temple (0/1) D:5            Lair (6/6) D:11
 Shoals (3/4) Lair:3        Snake (4/4) Lair:2        Slime (0/5) Lair:5
    Orc (2/2) D:9             Elf (0/3) Orc:2        Vaults (0/5) D:13
 Depths (0/5) D:15

Altars:
Cheibriados
Elyvilon
Hepliaklqana
Kikubaaqudgha
Makhleb
Nemelex Xobeh
Qazlal
Ru
Sif Muna
Wu Jian
Xom
Yredelemnul
Zin

Shops:
D:4 (   D:9 :   D:11 *   D:15 *   Orc:2 *=[(*   Shoals:2 *   Snake:4 [

Annotations:
D:6 Verendum's ghost, novice GrAK
D:8 1 exclusion
D:11 4 runed doors
D:15 exclusion: Roxanne, Roxanne
Lair:2 exclusion: oklob plant
Lair:5 exclusion: 4 oklob plants
Shoals:3 Ilsuiw
Snake:4 1 exclusion


Innate Abilities, Weirdness & Mutations

You are resistant to torment.
Your stone body is resilient. (AC +13)
You are immune to poison.
Your large and strong wings let you fly indefinitely.
You resist negative energy. (rN+)
You are resistant to electric shocks. (rElec)
You can survive without breathing.
You are immune to petrification.
You are immune to rotting.


Message History

a rapier of draining; a robe The water elemental is engulfed in freezing vapours.
You block the merfolk's attack.
The merfolk siren chants its luring song.
There is a stone staircase leading up here.
Really fly into that cloud of freezing vapour? [Y]es or [N]o only, please.
Really fly into that cloud of freezing vapour? [Y]es or [N]o only, please.
Really fly into that cloud of freezing vapour? [Y]es or [N]o only, please.
Really fly into that cloud of freezing vapour? [Y]es or [N]o only, please.
Really fly into that cloud of freezing vapour? [Y]es or [N]o only, please.
Really fly into that cloud of freezing vapour? [Y]es or [N]o only, please.
Really fly into that cloud of freezing vapour?
You are engulfed in freezing vapours.
You resist.
You die...

≈≈(≈≈≈≈≈≈≈≈≈≈≈≈≈≈≈≈≈≈≈≈≈≈≈≈≈≈≈≈≈≈
≈≈≈≈≈≈.≈≈≈≈≈≈≈≈≈≈≈≈≈≈≈≈≈≈≈≈≈≈≈≈≈≈
≈≈≈≈≈≈..≈≈≈≈≈≈≈≈≈≈≈≈≈≈≈≈≈≈≈≈≈≈≈≈≈
.≈≈≈≈≈...≈≈≈≈≈≈≈≈≈≈≈≈≈≈≈≈≈≈≈≈≈≈≈≈
≈≈≈≈≈≈≈≈(≈≈(≈(≈≈≈≈≈≈≈≈≈≈≈≈≈≈≈≈≈≈≈
≈≈.≈≈≈≈...≈≈..≈≈≈m≈≈..≈≈≈≈)≈≈≈≈≈≈
≈..≈≈≈≈........≈≈m§§≈.≈≈≈≈.≈≈≈≈≈≈
...≈≈≈......##..(§§§≈≈≈≈≈..)≈≈≈≈≈
............###<@E§§E≈≈≈.....≈≈≈≈
...............§≈§§§≈≈≈.#..(≈≈≈≈≈
#..≈..........§≈§§≈E≈§§.#....≈≈≈≈
#...≈.##.......≈≈≈(≈≈≈≈....≈≈≈≈≈≈
#...%. ##.##....)..≈≈≈≈≈≈≈.≈≈≈≈≈≈
....≈. ######..###.≈≈≈≈≈≈≈≈≈≈≈≈≈
...... #.## #.≈≈≈≈≈≈≈≈≈≈≈≈≈ ##.
##.≈≈≈≈≈≈≈≈≈≈≈≈≈ #(..≈≈≈≈≈≈≈≈≈≈≈≈


You could see a merfolk, 3 water elementals and a merfolk siren.

Vanquished Creatures
  Polyphemus (Shoals:2)
  Frances (D:12)
  Agnes (Snake:4)
  7 nagarajas
  Aizul (Snake:2)
  Azrael (Snake:3)
  3 merfolk javelineers
  An ettin (Orc:1)
  4 merfolk impalers
  9 naga warriors
  A fire dragon (D:15)
  2 rakshasas (D:15)
  Harold (D:11)
  2 merfolk aquamancers
  2 merfolk avatars
  4 hydras
  13 anacondas
  A catoblepas (Shoals:2)
  5 centaur warriors
  3 two-headed ogres (D:14)
  Urug (D:15)
  8 death yaks
  A tengu warrior (D:12)
  7 naga sharpshooters
  8 shock serpents
  4 slime creatures (D:15)
  3 salamander mystics
  A shadow wraith (D:13)
  3 unseen horrors
  3 wizards
  7 naga ritualists
  3 sea snakes
  3 orc knights
  A lindwurm (D:13)
  3 harpies (Shoals:3)
  8 mana vipers
  9 ugly things
  A deep elf mage (D:15)
  15 salamanders
  4 cyclopes
  A faun (Shoals:2)
  2 orc sorcerers (Orc:2)
  6 manticores
  3 elephants
  A water nymph (Shoals:1)
  6 merfolk sirens
  23 black mambas
  6 guardian serpents
  12 naga magi
  6 spiny frogs
  5 centaur zombies
  2 gargoyles
  8 komodo dragons
  7 rime drakes
  An efreet (D:13)
  A tengu conjurer (D:15)
  19 merfolk
  A troll (D:13)
  3 meliai (D:13)
  4 polar bears
  A harpy skeleton (D:15)
  A jumping spider (shapeshifter) (D:15)
  2 hornets (Lair:6)
  A wind drake (Shoals:3)
  2 blink frogs (Lair:3)
  2 dream sheep (Lair:6)
  17 hippogriffs
  3 snapping turtles
  Sigmund (D:2)
  15 yaks
  A centaur simulacrum (D:15)
  A vampire (D:13)
  2 spriggans
  8 water elementals
  Eustachio (D:5)
  7 wyverns
  4 hogs (Shoals:2)
  6 basilisks
  7 vampire mosquitoes
  A hungry ghost (D:15)
  Menkaure (D:5)
  Edmund (D:5)
  2 wargs
  2 acid dragons (D:15)
  28 nagas
  A floating eye (shapeshifter) (D:15)
  11 water moccasins
  4 hell hounds
  11 porcupines
  13 orc warriors
  4 sky beasts
  3 ice beasts
  2 black bears (D:11)
  A phantom (D:9)
  7 ogres
  3 boggarts (D:15)
  12 wolves
  20 centaurs
  7 crocodiles
  A big kobold (D:10)
  17 bullfrogs
  4 scorpions
  15 killer bees
  4 howler monkeys
  6 wights
  3 electric eels (D:8)
  5 crimson imps
  A bullfrog zombie (D:12)
  10 hounds
  18 orc priests
  2 bullfrog skeletons
  3 jellies
  An iguana (D:4)
  Ijyb (D:4)
  15 orc wizards
  3 hell rats (Lair:4)
  13 worker ants
  A howler monkey zombie (D:10)
  Robin (D:3)
  6 gnolls (D:7)
  2 worker ant zombies
  11 adders
  A shadow imp (D:15)
  2 oozes
  3 dart slugs (D:1)
  4 leopard geckos
  61 orcs
  7 bats
  A giant cockroach (D:1)
  9 hobgoblins
  18 jackals
  7 kobolds
  5 quokkas
  A ball python (D:5)
  9 frilled lizards
  12 goblins
  A jackal zombie (D:7)
  A quokka zombie (D:3)
  2 rats
  2 fungi (D:11)
  14 plants
792 creatures vanquished.

Vanquished Creatures (collateral kills)
  The ghost of emiel the Fighter, an adept MiEE of Cheibriados (Snake:3)
  Donald (Snake:1)
  4 nagarajas
  Kirke (Shoals:2)
  Nessos (Lair:6)
  The ghost of Hasart the Carver, a journeyman DsFi of Qazlal (Orc:1)
  The ghost of Monsterracer the Martial Artist, a journeyman OpCK of Xom (Orc:2)
  6 naga warriors
  8 hydras
  A merfolk avatar (Lair:6)
  2 two-headed ogres
  3 anacondas
  2 tengu warriors
  5 death yaks
  5 naga sharpshooters
  3 orc high priests (Orc:2)
  A shock serpent (Snake:1)
  4 sea snakes
  A naga ritualist (Snake:4)
  A harpy (Shoals:3)
  4 orc knights (Orc:2)
  4 mana vipers
  3 manticores
  A cyclops (D:11)
  2 salamanders
  An ugly thing (D:11)
  2 orc sorcerers (Orc:2)
  6 elephants
  28 black mambas
  7 naga magi
  7 guardian serpents
  12 spiny frogs
  5 rime drakes
  2 komodo dragons (Lair:6)
  A freezing wraith (D:15)
  A tengu conjurer (D:12)
  3 trolls
  A merfolk (Shoals:2)
  2 polar bears (Lair:6)
  A hornet (Lair:5)
  6 hippogriffs
  A blink frog (Lair:3)
  9 dream sheep (Lair:6)
  A water elemental (Shoals:1)
  A shadow (D:12)
  3 wraiths
  26 yaks
  A fire elemental (Snake:2)
  2 wyverns
  A hungry ghost (D:12)
  3 wargs (Orc:1)
  20 nagas
  7 water moccasins
  4 porcupines
  2 hell hounds (Snake:2)
  A soldier ant (D:15)
  11 orc warriors
  4 phantoms
  3 ogres
  13 wolves
  5 crocodiles
  3 bullfrogs
  4 killer bees (D:12)
  A wight (D:15)
  An electric eel (D:8)
  2 howler monkeys
  2 crimson imps
  A bullfrog zombie (D:6)
  3 centaur skeletons
  A hound (D:13)
  A jelly (D:12)
  A bullfrog skeleton (D:10)
  5 orc priests
  10 orc wizards
  A gnoll shaman (D:7)
  A hell rat (Lair:4)
  2 worker ants
  3 gnolls (D:7)
  A leopard gecko (D:11)
  16 orcs
  A jackal (D:10)
  A kobold (D:10)
  A butterfly (Lair:1)
  A fungus (D:11)
  3 plants
335 creatures vanquished.

Vanquished Creatures (others)
  Nikola (Snake:2)
  A merfolk javelineer (Shoals:2)
  A naga ritualist (Snake:2)
  A mana viper (Snake:2)
  2 nagas
  A sky beast (D:15)
  A centaur (Shoals:3)
  A leopard gecko (D:8)
  35 fungi
  50 plants
  21 tentacles (Shoals:1)
115 creatures vanquished.

Grand Total: 1242 creatures vanquished

Notes
Turn   | Place    | Note
-------+----------+-------------------------------------------
     0 | D:1      | Mesmaeker13 the Gargoyle Ice Elementalist began the quest for the Orb.
     0 | D:1      | Reached XP level 1. HP: 10/10 MP: 3/3
     3 | D:1      | Noticed an electric eel
     3 | D:1      | Noticed an electric eel
   468 | D:1      | Reached XP level 2. HP: 10/15 MP: 1/5
   861 | D:1      | Reached XP level 3. HP: 15/19 MP: 6/6
  1515 | D:2      | Learned a level 2 spell: Throw Frost
  1612 | D:2      | Found a stormy altar of Qazlal.
  1619 | D:2      | Found a sparkling altar of Nemelex Xobeh.
  1619 | D:2      | Found a deep blue altar of Sif Muna.
  1631 | D:2      | Became a worshipper of Sif Muna the Loreminder
  1771 | D:2      | Noticed Sigmund
  1771 | D:2      | Reached XP level 4. HP: 21/24 MP: 3/7
  2326 | D:3      | Reached XP level 5. HP: 16/28 MP: 1/8
  2787 | D:3      | Noticed Robin
  2916 | D:3      | Killed Robin
  2916 | D:3      | Reached * piety under Sif Muna
  3120 | D:3      | Found a sacrificial altar of Ru.
  3406 | D:4      | Noticed Ijyb
  3422 | D:4      | Killed Ijyb
  3422 | D:4      | Reached XP level 6. HP: 32/32 MP: 2/9
  3893 | D:4      | Found Goluel's Weapon Shoppe.
  3986 | D:4      | Found a hazy altar of Hepliaklqana.
  4038 | D:4      | Found an ornate altar of the Wu Jian Council.
  4094 | D:4      | Reached skill level 5 in Ice Magic
  4241 | D:4      | Found a white marble altar of Elyvilon.
  4660 | D:2      | Killed Sigmund
  4660 | D:2      | Reached XP level 7. HP: 36/36 MP: 2/10
  4747 | D:5      | Entered Level 5 of the Dungeon
  4757 | D:5      | Learned a level 4 spell: Summon Ice Beast
  5005 | D:5      | Reached skill level 1 in Summonings
  5074 | D:5      | Noticed Eustachio
  5105 | D:5      | Killed Eustachio
  5105 | D:5      | Reached XP level 8. HP: 33/41 MP: 1/11
  5317 | D:5      | Reached ** piety under Sif Muna
  5542 | D:5      | Noticed Edmund
  5564 | D:5      | Killed Edmund
  5813 | D:5      | Reached skill level 5 in Dodging
  5946 | D:5      | Noticed Menkaure
  5961 | D:5      | Killed Menkaure
  6382 | D:5      | Found a staircase to the Ecumenical Temple.
  6457 | D:6      | Noticed Verendum's ghost (novice GrAK)
  7060 | D:7      | Noticed a hippogriff
  7071 | D:7      | Killed a hippogriff
  7277 | D:7      | Found a glowing silver altar of Zin.
  7277 | D:7      | Found a snail-covered altar of Cheibriados.
  7278 | D:7      | Found a basalt altar of Yredelemnul.
  7398 | D:7      | Reached XP level 9. HP: 45/45 MP: 6/12
  8074 | D:7      | Learned a level 4 spell: Throw Icicle
  8503 | D:7      | Found a burning altar of Makhleb.
  8623 | D:8      | Reached *** piety under Sif Muna
  8679 | D:8      | Found an ancient bone altar of Kikubaaqudgha.
  9196 | D:8      | Reached skill level 5 in Summonings
  9535 | D:8      | Reached skill level 5 in Conjurations
 10507 | D:9      | Found a staircase to the Orcish Mines.
 10575 | D:9      | Got a scorched shield
 10696 | D:9      | Reached XP level 10. HP: 48/50 MP: 7/13
 10714 | D:9      | Found Ateluts's Book Boutique.
 10751 | D:9      | Identified the cursed +0 shield of Vehumet's Vengeance {rC+ Int+3 Stlth+} (You took it off an orc wizard on level 9 of the Dungeon)
 10753 | D:10     | Entered Level 10 of the Dungeon
 10963 | D:10     | Noticed a two-headed ogre
 10985 | D:10     | Killed a two-headed ogre
 10985 | D:10     | Reached **** piety under Sif Muna
 10985 | D:10     | Reached skill level 1 in Shields
 12601 | D:11     | Found Othatz's Assorted Antiques.
 12627 | D:11     | Noticed a manticore
 12642 | D:11     | Noticed a green ugly thing
 12642 | D:11     | Killed a manticore
 12653 | D:11     | Killed a green ugly thing
 12654 | D:11     | Noticed a cyclops
 13078 | D:11     | Found a runed door.
 13423 | D:11     | Found a runed door.
 13738 | D:11     | Found a staircase to the Lair.
 13754 | D:11     | Noticed a manticore
 13763 | D:11     | Killed a manticore
 13934 | D:11     | Reached XP level 11. HP: 54/54 MP: 14/14
 13990 | D:11     | Noticed Harold
 14003 | D:11     | Killed Harold
 14003 | D:11     | Reached skill level 5 in Shields
 14419 | D:11     | Found a runed door.
 14430 | D:11     | Found a runed door.
 14494 | D:11     | Killed a cyclops
 14883 | Lair:1   | Entered Level 1 of the Lair of Beasts
 15469 | Lair:1   | Noticed a seven-headed hydra
 15485 | Lair:1   | Killed a seven-headed hydra
 15485 | Lair:1   | Reached skill level 10 in Ice Magic
 16259 | Lair:1   | Noticed an eight-headed hydra
 16264 | Lair:1   | Killed an eight-headed hydra
 16525 | Lair:2   | Noticed a five-headed hydra
 16532 | Lair:2   | Killed a five-headed hydra
 16532 | Lair:2   | Reached ***** piety under Sif Muna
 16675 | Lair:2   | Noticed an eight-headed hydra
 16718 | Lair:2   | Killed an eight-headed hydra
 16718 | Lair:2   | Identified Sif Muna's Reference Book on Blistering Confrontation (Sif Muna gifted it to you on level 2 of the Lair of Beasts)
 16718 | Lair:2   | Received a gift from Sif Muna
 17102 | Lair:2   | Found a staircase to the Snake Pit.
 17342 | Lair:2   | Noticed an oklob plant
 17786 | Lair:2   | Noticed a six-headed hydra
 17794 | Lair:2   | Killed a six-headed hydra
 17794 | Lair:2   | Reached XP level 12. HP: 46/59 MP: 2/18
 18177 | Lair:1   | Learned a level 6 spell: Freezing Cloud
 18687 | Lair:3   | Got a polished spear
 18689 | Lair:3   | Identified the +4 spear "Nycifuakk" {flame, rPois rC+} (You found it on level 3 of the Lair of Beasts)
 18765 | Lair:3   | You fall through a shaft!
 18914 | Lair:4   | Learned a level 4 spell: Summon Lightning Spire
 19038 | Lair:4   | Reached skill level 1 in Fighting
 19243 | Lair:4   | Reached skill level 1 in Air Magic
 19369 | Lair:4   | Reached skill level 5 in Spellcasting
 19887 | Lair:4   | Noticed a death yak
 19888 | Lair:3   | Noticed a death yak
 19888 | Lair:3   | Noticed a death yak
 19888 | Lair:3   | Noticed a death yak
 19889 | Lair:3   | Noticed a death yak
 19890 | Lair:3   | Noticed a death yak
 20207 | Lair:3   | Found a staircase to the Shoals.
 20805 | Lair:3   | Killed a death yak
 21390 | Lair:3   | Killed a death yak
 21474 | Lair:3   | Killed a death yak
 21707 | Lair:3   | Killed a death yak
 21732 | Lair:3   | Killed a death yak
 22028 | Lair:4   | Noticed a death yak
 22028 | Lair:4   | Noticed a death yak
 22053 | Lair:4   | Killed a death yak
 22143 | Lair:4   | Noticed a death yak
 22184 | Lair:3   | Killed a death yak
 22530 | Lair:4   | Killed a death yak
 22670 | Lair:4   | Killed a death yak
 23126 | Lair:4   | Reached XP level 13. HP: 72/72 MP: 19/22
 23156 | Lair:4   | Reached skill level 5 in Fighting
 23367 | Lair:5   | Got an ebony falchion
 23379 | Lair:5   | Identified the +4 falchion "Giantbane" {slice, rC+} (You found it on level 5 of the Lair of Beasts)
 24074 | Lair:5   | Received a gift from Sif Muna
 24335 | Lair:5   | Found a staircase to the Slime Pits.
 24738 | Lair:5   | Got a pitted long sword
 24739 | Lair:5   | Identified the cursed +1 long sword "Ox" {drain, Str+2 Dex+2} (You found it on level 5 of the Lair of Beasts)
 24841 | Lair:5   | Got a spiked leather armour
 24854 | Lair:5   | Identified the cursed +1 leather armour of the Eternal Fruit {rElec Int+2} (You found it on level 5 of the Lair of Beasts)
 25271 | Lair:6   | Entered Level 6 of the Lair of Beasts
 25400 | Lair:6   | Noticed Nessos
 26375 | Lair:6   | Reached skill level 5 in Air Magic
 26380 | Lair:6   | Reached skill level 10 in Shields
 26457 | Lair:6   | Reached skill level 10 in Conjurations
 26775 | Lair:6   | Killed Nessos
 28361 | Lair:6   | Gained mutation: Your large and strong wings let you fly indefinitely. [Gargoyle growth]
 28361 | Lair:6   | Reached XP level 14. HP: 42/82 MP: 3/26
 28735 | Lair:6   | Got a twitching ivory ring
 28921 | Lair:5   | Identified the ring of Riwab {Ice rPois Int-5 Slay+5} (You found it on level 6 of the Lair of Beasts)
 29288 | Orc:1    | Entered Level 1 of the Orcish Mines
 29297 | Orc:1    | Received a gift from Sif Muna
 29686 | Orc:1    | Noticed Hasart's ghost (journeyman DsFi)
 30132 | D:9      | HP: 1/83 [ogre/giant spiked club (10)]
 31146 | Orc:1    | Killed Hasart's ghost
 31954 | Orc:2    | Entered Level 2 of the Orcish Mines
 33093 | Orc:2    | Found Igrelaiw's Assorted Antiques.
 33466 | Orc:2    | Found a staircase to the Elven Halls.
 33521 | Orc:2    | Noticed Monsterracer's ghost (journeyman OpCK)
 33866 | Orc:2    | Killed Monsterracer's ghost
 35613 | Orc:2    | Found Nahupev's Antique Armour Boutique.
 35613 | Orc:2    | Found Ilol's Jewellery Shoppe.
 35615 | Orc:2    | Found Lehobeju's General Store.
 35615 | Orc:2    | Found Bynum's Antique Weapon Shoppe.
 35631 | Orc:2    | Bought a smoking leather armour for 175 gold pieces
 35631 | Orc:2    | Bought a runed helmet for 187 gold pieces
 35637 | Orc:2    | Bought a scroll of remove curse for 45 gold pieces
 35651 | Orc:2    | Identified the cursed +0 leather armour of Rotation {rF+} (You bought it in a shop on level 2 of the Orcish Mines)
 35699 | Orc:2    | Bought an uncursed ring of magical power for 300 gold pieces
 36909 | D:12     | Noticed Frances
 36937 | D:12     | Killed Frances
 39539 | D:13     | Received a gift from Sif Muna
 39761 | D:13     | Reached XP level 15. HP: 88/88 MP: 26/27
 39928 | D:13     | Found a gate to the Vaults.
 40680 | D:14     | Reached skill level 1 in Armour
 41608 | D:14     | Found a shimmering altar of Xom.
 41857 | D:15     | Entered Level 15 of the Dungeon
 41857 | D:15     | Noticed Urug
 41863 | D:15     | Killed Urug
 43258 | D:15     | Found Zaobaeg's General Store.
 43266 | D:15     | Bought a scroll of teleportation for 45 gold pieces
 43322 | D:15     | Reached skill level 5 in Armour
 44005 | D:15     | Received a gift from Sif Muna
 44529 | D:15     | Noticed Roxanne
 44904 | D:15     | HP: 1/88 [Roxanne/orb of energy (22)]
 45381 | D:15     | Found a staircase to the Depths.
 45586 | D:12     | Reached XP level 16. HP: 76/93 MP: 28/28
 45748 | Lair:1   | Learned a level 4 spell: Animate Dead
 45754 | Lair:1   | Learned a level 3 spell: Regeneration
 45817 | Snake:1  | Entered Level 1 of the Snake Pit
 46259 | Snake:1  | Reached skill level 1 in Necromancy
 46970 | Snake:1  | Noticed Donald
 46979 | Snake:1  | Killed Donald
 47993 | Snake:2  | Noticed Nikola
 48203 | Snake:2  | Killed Nikola
 50684 | Snake:3  | Noticed Azrael
 50712 | Snake:3  | Killed Azrael
 50716 | Snake:3  | Noticed emiel's ghost (adept MiEE)
 50890 | Snake:3  | Noticed Aizul
 50904 | Snake:2  | Killed Aizul
 50904 | Snake:2  | Reached skill level 1 in Invocations
 51558 | Snake:3  | Killed emiel's ghost
 52115 | Snake:3  | Reached XP level 17. HP: 33/97 MP: 7/29
 52119 | Snake:3  | Received a gift from Sif Muna
 52935 | Snake:4  | Entered Level 4 of the Snake Pit
 53651 | Snake:4  | Found Roaliat's Antique Armour Emporium.
 54206 | Snake:4  | Noticed Agnes
 54211 | Snake:4  | Reached skill level 5 in Invocations
 54213 | Snake:4  | Killed Agnes
 55085 | Snake:4  | Reached skill level 15 in Shields
 57483 | Snake:4  | Reached XP level 18. HP: 52/103 MP: 21/30
 58372 | Snake:4  | Got a serpentine rune of Zot
 58486 | Snake:4  | Reached skill level 10 in Air Magic
 58643 | Lair:1   | Learned a level 6 spell: Iron Shot
 58751 | Shoals:1 | Entered Level 1 of the Shoals
 59119 | Shoals:1 | Reached skill level 1 in Earth Magic
 60436 | Shoals:2 | Found Wobbuq's Assorted Antiques.
 60748 | Shoals:2 | Noticed Polyphemus
 60765 | Shoals:2 | Reached skill level 15 in Ice Magic
 61263 | Shoals:2 | Noticed Kirke
 61270 | Shoals:2 | Killed Kirke
 61295 | Shoals:2 | Bought a scroll of teleportation for 54 gold pieces
 61572 | Shoals:2 | HP: 5/103 [merfolk/trident (13)]
 62409 | Shoals:2 | Identified Sif Muna's Compendium of Nocuous Cold (Sif Muna gifted it to you on level 2 of the Shoals)
 62409 | Shoals:2 | Received a gift from Sif Muna
 62410 | Shoals:2 | Killed Polyphemus
 62809 | Shoals:3 | Reached skill level 5 in Earth Magic
 63453 | Shoals:3 | Noticed Ilsuiw
 63740 | Shoals:3 | HP: 3/103 [water elemental[Ilsuiw] (9)]
 64147 | Shoals:3 | Reached skill level 10 in Dodging
 64159 | Shoals:3 | HP: 5/103 [cloud of freezing vapour (4)]
 64161 | Shoals:3 | Engulfed by a cloud of freezing vapour

Skill      XL: |  1  2  3  4  5  6  7  8  9 10 11 12 13 14 15 16 17 18 |
---------------+-------------------------------------------------------+-----
Dodging        | 2 3 4 5 6 7 8 10 | 10.0
Ice Magic      | 4 5 6 7 8 9 10 11 12 13 14 15 | 15.0
Conjurations   | 2 3 4 5 7 9 10 11 12 | 12.0
Summonings     | 2 4 5 6 7 |  7.3
Shields        | 4 7 9 10 12 13 14 15 | 15.0
Spellcasting   | 4 6 8 |  8.3
Fighting       | 4 7 8 |  8.0
Air Magic      | 3 5 7 8 9 10 | 10.0
Armour         | 5 8 |  8.0
Necromancy     | 4 |  4.0
Invocations    | 2 6 7 |  7.0
Earth Magic    | 6 |  6.5
Stealth        | |  2.1

Action                   |  1- 3 |  4- 6 |  7- 9 | 10-12 | 13-15 | 16-18 || total
-------------------------+-------+-------+-------+-------+-------+-------++-------
Melee: Spear             |    80 |       |       |    83 |   927 |   759 ||  1849
       Whip              |     1 |     7 |       |   207 |       |       ||   215
       Dagger            |       |    83 |   354 |    45 |       |       ||   482
Throw: Javelin           |       |       |     2 |     2 |       |       ||     4
       Throwing net      |       |       |       |     4 |     4 |       ||     8
 Cast: Freeze            |    36 |    69 |   128 |   259 |   428 |       ||   920
       Throw Frost       |       |     2 |    36 |     5 |       |       ||    43
       Summon Ice Beast  |       |       |    26 |    94 |   189 |   179 ||   488
       Throw Icicle      |       |       |       |    30 |   176 |   347 ||   553
       Summon Lightning  |       |       |       |    18 |    22 |    10 ||    50
       Freezing Cloud    |       |       |       |       |    41 |    62 ||   103
       Regeneration      |       |       |       |       |       |     3 ||     3
       Animate Dead      |       |       |       |       |       |     1 ||     1
Invok: Channel Magic     |       |       |       |     3 |     1 |     2 ||     6
       Divine Energy     |       |       |       |     1 |     1 |       ||     2
       Stop Divine Energ |       |       |       |     1 |     1 |       ||     2
       Forget Spell      |       |       |       |       |       |     1 ||     1
 Abil: Fly               |       |       |       |       |       |     1 ||     1
Evoke: Wand              |       |       |     8 |    19 |    19 |       ||    46
  Use: Potion            |     1 |       |       |     6 |     9 |     9 ||    25
       Scroll            |       |     7 |     9 |    16 |    15 |    19 ||    66
 Stab: Sleeping          |     2 |     3 |     1 |     2 |     3 |     2 ||    13
       Paralysed         |       |       |       |    16 |    13 |       ||    29
       Distracted        |       |       |       |     5 |    11 |     9 ||    25
       Held in net/web   |       |       |       |       |     1 |       ||     1
       Petrified         |       |       |       |       |       |     1 ||     1
  Eat: Chunk             |     3 |    10 |    26 |    39 |    69 |    30 ||   177
       Ration            |       |       |     1 |     9 |    16 |    23 ||    49
Armor: Robe              |    47 |    63 |   196 |   105 |       |       ||   411
       Skin              |    23 |       |       |       |       |       ||    23
       Leather armour    |       |       |       |   121 |   721 |   393 ||  1235
Dodge: Dodged            |    58 |    76 |   305 |   388 |   819 |   501 ||  2147
Block: Shield            |       |       |       |       |   438 |   672 ||  1110
       Reflection        |       |       |       |       |       |    35 ||    35
